 Dungeon Crawl Stone Soup version 0.26-a0-606-g3c8f2f65f7 (webtiles) character file.

Game seed: 11240177200451801861

8549 hurtovyna the Frost Mage (level 11, 0/109 (110) HPs)
             Began as an Ogre Ice Elementalist on Sept 2, 2020.
             Was a Priest of Ashenzari.
             Slain by a cyclops (29 damage)
             ... on level 11 of the Dungeon.
             The game lasted 00:23:20 (13813 turns).

hurtovyna the Frost Mage (Ogre Ice Elementalist)   Turns: 13813, Time: 00:23:21

HP:   0/109 (110)   AC:  5    Str: 14    XL:     11   Next: 32%
MP:   16/19         EV: 10    Int: 19    God:    Ashenzari [***...]
Gold: 419           SH: 10    Dex:  9    Spells: 6/21 levels left

rFire    . . .     SeeInvis +   J - +4 war axe (curse)
rCold    . . .     Faith    .   I - +0 kite shield (curse)
rNeg     . . .     Spirit   .   a - +0 robe
rPois    +         Reflect  .   (helmet restricted)
rElec    .         Harm     .   H - +1 cloak
rCorr    .                      (gloves unavailable)
MR       +....                  (boots unavailable)
Stlth    +.........             (no amulet)
HPRegen  0.28/turn              e - +4 ring of slaying
MPRegen  0.16/turn              g - ring of poison resistance

@: frozen ramparts
A: large, unfitting armour, tough skin 1
a: Curse Item, Scrying, Renounce Religion


You were on level 11 of the Dungeon.
You worshipped Ashenzari.
Ashenzari was most pleased with you.
You visited 2 branches of the dungeon, and saw 12 of its levels.

You collected 419 gold pieces.

Inventory:

Hand Weapons
 J - a cursed +4 war axe (weapon)
Missiles
 v - 25 poisoned darts (quivered)
Armour
 a - a +0 robe (worn)
 H - a +1 cloak (worn)
 I - a cursed +0 kite shield (worn)
Jewellery
 e - a +4 ring of slaying (left hand)
 f - an uncursed ring of positive energy
 g - a ring of poison resistance (right hand)
 p - an uncursed ring of magical power
 q - an uncursed ring of positive energy
 s - a +4 ring of protection
 A - an uncursed ring of flight
Wands
 n - a wand of digging (6)
 o - a wand of iceblast (15)
 r - a wand of paralysis (30)
 x - a wand of acid (8)
 D - a wand of disintegration (13)
Scrolls
 c - 5 scrolls of teleportation
 k - 2 scrolls of enchant armour
 l - 5 scrolls of amnesia
 t - 7 scrolls of blinking
 w - a scroll of enchant weapon
 y - a scroll of remove curse
 E - 2 scrolls of fear
 F - a scroll of magic mapping
 G - a scroll of vulnerability
 K - a scroll of summoning
Potions
 b - 7 potions of might {unknown}
 d - 5 potions of stabbing {unknown}
 h - 2 potions of degeneration {unknown}
 i - a potion of magic {unknown}
 j - a potion of lignification {unknown}
 m - 4 potions of curing
 u - 3 potions of heal wounds
 z - 3 potions of berserk rage
 B - a potion of cancellation
 C - a potion of haste


   Skills:
 - Level 7.7 Fighting
 + Level 6.5(9.5) Axes
   Level 0.1(3.9) Maces & Flails
   Level 0.3(4.3) Polearms
   Level 2.3 Staves
 - Level 1.7 Dodging
 - Level 1.4 Stealth
 + Level 6.8(8.7) Shields
 - Level 5.8 Spellcasting
 - Level 3.6 Summonings
 - Level 4.9 Transmutations
 - Level 9.2 Ice Magic


You had 6 spell levels left.
You knew the following spells:

 Your Spells              Type           Power        Failure   Level
a - Freeze                Ice            ####         1%          1
b - Frozen Ramparts       Ice            #####.       1%          3
c - Ozocubu's Armour      Ice            #####...     1%          3
d - Summon Ice Beast      Ice/Summ       ####....     9%          4
e - Ice Form              Ice/Tmut       ####....     6%          4

Your spell library contained the following spells:

 Spells                   Type           Power        Failure   Level
 Beastly Appendage        Tmut           ###...       1%          1
 Wereblood                Tmut           ###.....     2%          2
 Spider Form              Tmut/Pois      ##........   13%         3
 Hailstorm                Conj/Ice       ###.....     19%         4
 Blade Hands              Tmut           ###.......   41%         5


Dungeon Overview and Level Annotations

Branches:
Dungeon (11/15)            Temple (1/1) D:4            Lair (0/6) D:11
    Orc: D:9-12

Altars:
Ashenzari
Dithmenos
Elyvilon
Makhleb
Nemelex Xobeh
Okawaru
Qazlal
Ru
Sif Muna
Trog
Uskayaw
Vehumet
Xom

Shops:
D:10 [


Innate Abilities, Weirdness & Mutations

You are too large for most types of armour.
You have tough skin. (AC +1)


Message History

A cyclops comes into view.
The cyclops shouts!
The cyclops throws a large rock.
The large rock hits you!!
You see here a large rock.
Casting: Frozen Ramparts (safe; 1% risk of failure)
Confirm with . or Enter, or press ? or * to list all spells.
The walls around you are covered in ice.
The wall freezes the cyclops!
The cyclops throws a large rock.
The large rock hits you!!
You slash the cyclops!
The cyclops is heavily wounded.
The wall freezes the cyclops.
The cyclops hits you!!
* * * LOW HITPOINT WARNING * * *
You hit the cyclops.
The cyclops is severely wounded.
The wall freezes the cyclops!
The cyclops closely misses you.
You barely miss the cyclops.
The cyclops is almost dead.
The wall freezes the cyclops.
The cyclops hits you!!
You die...

* * ,,, #.#### * ,,
,,.....# * #. #.##.#* *
#.## , #.##.#*,* #....,
#.##.# #.... *#.##C#* #
#..... #.##@# ##*
#.....##.##(##.###* **
... ..>................,
#.##*#.....#..##........
* ....
#.....#..########## #.#
#.###.#..# ..# #.#
#.#..# ..## #.# #.#..#
...###.###.#..#


You could see a cyclops.

Vanquished Creatures
  Nergalle (D:11)
  A troll (D:11)
  A hornet (D:11)
  A wraith (D:11)
  3 yaks (D:11)
  A steam dragon (D:8)
  Edmund (D:4)
  3 porcupines
  A water moccasin (D:10)
  5 orc warriors
  2 ice beasts
  A sky beast (D:10)
  7 ogres
  A hornet zombie (D:11)
  4 centaurs
  A big kobold (D:8)
  8 bullfrogs
  5 scorpions
  4 killer bees (D:11)
  9 howler monkeys
  4 jellies
  An electric eel (D:7)
  A quasit (D:10)
  3 centaur zombies
  4 orc priests
  5 hounds
  Crazy Yiuf (D:2)
  5 iguanas
  11 orc wizards
  A bullfrog skeleton (D:8)
  Jessica (D:2)
  4 worker ants
  Terence (D:2)
  A killer bee zombie (D:10)
  2 hound zombies
  2 worker ant zombies
  Robin (D:2)
  4 gnolls (D:5)
  12 adders
  2 shadow imps
  An ufetubus (D:6)
  An ooze (D:2)
  5 worms
  4 dart slugs
  6 leopard geckos
  34 orcs
  6 ball pythons
  8 bats
  4 giant cockroaches
  12 goblins
  10 hobgoblins
  10 jackals
  4 quokkas
  8 frilled lizards
  A jackal skeleton (D:5)
  16 kobolds
  A leopard gecko zombie (D:8)
  A quokka skeleton (D:10)
  11 rats
269 creatures vanquished.

Vanquished Creatures (collateral kills)
  2 two-headed ogres
  A hornet (D:10)
  A yak (D:11)
  2 necrophages
  An electric eel (D:7)
  2 orcs
9 creatures vanquished.

Vanquished Creatures (others)
  17 fungi
  32 plants
49 creatures vanquished.

Grand Total: 327 creatures vanquished

Notes
Turn   | Place    | Note
-------+----------+-------------------------------------------
     0 | D:1      | hurtovyna the Ogre Ice Elementalist began the quest for the
                  | Orb.
     0 | D:1      | Reached XP level 1. HP: 16/16 MP: 3/3
   274 | D:1      | Reached skill level 4 in Ice Magic
   274 | D:1      | Reached XP level 2. HP: 20/24 MP: 1/5
   744 | D:1      | Reached XP level 3. HP: 12/31 MP: 0/6
  1561 | D:2      | Learned a level 3 spell: Frozen Ramparts
  1762 | D:2      | Noticed Jessica
  1774 | D:2      | Killed Jessica
  1774 | D:2      | Reached skill level 5 in Ice Magic
  1774 | D:2      | Reached XP level 4. HP: 36/39 MP: 3/7
  1920 | D:2      | Learned a level 3 spell: Ozocubu's Armour
  2024 | D:2      | Found a runed translucent door.
  2025 | D:2      | Noticed Crazy Yiuf
  2059 | D:2      | Found a faded altar of an unknown god.
  2060 | D:2      | Noticed Robin
  2061 | D:2      | Noticed Terence
  2073 | D:2      | Reached XP level 5. HP: 31/45 MP: 4/8
  2081 | D:2      | Killed Robin
  2081 | D:2      | Reached skill level 1 in Fighting
  2085 | D:2      | Killed Terence
  2424 | D:2      | Killed Crazy Yiuf
  2424 | D:2      | Reached XP level 6. HP: 62/62 MP: 5/9
  3042 | D:3      | Reached skill level 1 in Staves
  3623 | D:4      | Found a staircase to the Ecumenical Temple.
  3696 | Temple   | Entered the Ecumenical Temple
  3741 | Temple   | Became a worshipper of Ashenzari the Shackled
  3889 | D:4      | Reached XP level 7. HP: 62/71 MP: 11/11
  4582 | D:4      | Noticed Edmund
  4596 | D:4      | Killed Edmund
  4596 | D:4      | Reached skill level 5 in Spellcasting
  4599 | D:4      | Reached * piety under Ashenzari
  4910 | D:4      | Learned a level 4 spell: Summon Ice Beast
  5143 | D:5      | Entered Level 5 of the Dungeon
  5338 | D:5      | Reached skill level 6 in Ice Magic
  5371 | D:5      | Reached XP level 8. HP: 76/79 MP: 12/16
  5637 | D:5      | Reached skill level 1 in Summonings
  6285 | D:5      | Learned a level 4 spell: Ice Form
  6318 | D:6      | Reached skill level 1 in Transmutations
  6672 | D:6      | Reached ** piety under Ashenzari
  7043 | D:6      | Reached XP level 9. HP: 59/85 MP: 14/17
  7316 | D:6      | Found a stormy altar of Qazlal.
  7949 | D:7      | Reached skill level 7 in Ice Magic
  8597 | D:8      | Reached skill level 8 in Ice Magic
  8843 | D:8      | Reached skill level 9 in Ice Magic
  9552 | D:9      | Reached skill level 5 in Fighting
  9615 | D:9      | Reached XP level 10. HP: 59/100 MP: 13/18
 10497 | D:10     | Entered Level 10 of the Dungeon
 10502 | D:10     | Reached *** piety under Ashenzari
 10553 | D:10     | Reached skill level 1 in Shields
 10770 | D:10     | Noticed a two-headed ogre
 10785 | D:10     | Killed a two-headed ogre
 11436 | D:10     | Paralysed by a hornet for 3 turns
 11437 | D:10     | Reached skill level 5 in Axes
 11961 | D:10     | Found Pempit's Armour Boutique.
 12458 | D:11     | Reached XP level 11. HP: 109/109 MP: 15/19
 12511 | D:11     | Reached skill level 5 in Shields
 12639 | D:11     | Noticed Nergalle
 12644 | D:11     | Noticed a two-headed ogre
 12653 | D:11     | Killed Nergalle
 12656 | D:11     | Killed a two-headed ogre
 13707 | D:11     | Found a staircase to the Lair.
 13807 | D:11     | Noticed a cyclops
 13813 | D:11     | Slain by a cyclops

Illustrated notes

Levels and vault maps discovered:
D:1:      shiori_shiawase, layout_basic, serial_corexii_hall,
          corexii_hall_statues_l, chequers_hall_statues_corner_a,
          minmay_pentomino_t4
D:2:      layout_loops_cross, chequers_ecumenical_altar_island,
          minmay_shallow_snake_nest, uniq_terence, uniq_jessica,
          uniq_crazy_yiuf_cottage, uniq_robin
D:3:      layout_loops_cross
D:4:      layout_layer_cave, temple_pool_b, serial_bayou_lake_a, uniq_edmund
D:5:      layout_cave_pods, serial_rivers, chequers_serial_rivers_room_b,
          chequers_serial_rivers_micro_d, chequers_serial_rivers_room_a,
          chequers_serial_rivers_small_b, chequers_serial_rivers_large_b
D:6:      layout_loops_ring, marbit_many_paths, grunt_ministairs_11
D:7:      layout_basic, serial_bayou, serial_bayou_crossing,
          serial_bayou_lagoon_a, serial_bayou_pond_c, serial_bayou_pond_a
D:8:      layout_rooms, grunt_decor_fettered, serial_bayou_pond_a
D:9:      layout_basic
D:10:     layout_basic, serial_shops, kennysheep_mini
D:11:     layout_basic, grunt_lair_entry_orc_guard_hut, uniq_nergalle,
          uniq_harold
Temple:   grunt_wide_crystal_templ

Skill      XL: |  1  2  3  4  5  6  7  8  9 10 11 |
---------------+----------------------------------+-----
Ice Magic      | 4 5 6 9 |  9.2
Fighting       | 4 6 7 |  7.7
Staves         | 2 |  2.3
Spellcasting   | 3 5 |  5.8
Summonings     | 3 |  3.6
Transmutations | 4 |  4.9
Shields        | 4 6 |  6.8
Axes           | 6 |  6.5
Maces & Flails | |  0.1
Polearms       | |  0.3
Dodging        | |  1.7
Stealth        | |  1.4

Action                   |  1- 3 |  4- 6 |  7- 9 | 10-12 || total
-------------------------+-------+-------+-------+-------++-------
Melee: Unarmed           |     6 |       |       |       ||     6
       Short sword       |    32 |       |       |       ||    32
       Mace              |    38 |    22 |       |       ||    60
       Spear             |       |     5 |       |       ||     5
       Quarterstaff      |       |    78 |   185 |   124 ||   387
       War axe           |       |       |       |    36 ||    36
Throw: Dart              |       |       |    13 |       ||    13
 Cast: Freeze            |    17 |       |       |       ||    17
       Frozen Ramparts   |     2 |     5 |    27 |    24 ||    58
       Ozocubu's Armour  |       |       |     3 |       ||     3
       Summon Ice Beast  |       |       |     3 |    18 ||    21
Invok: Curse Item        |       |       |     1 |     2 ||     3
  Use: Scroll            |       |     4 |     8 |     6 ||    18
 Stab: Sleeping          |     1 |     3 |     2 |     1 ||     7
       Petrifying        |       |       |     1 |       ||     1
Armor: Robe              |    40 |    34 |    71 |    81 ||   226
Dodge: Dodged            |    60 |    51 |    93 |   101 ||   305
Block: Kite shield       |       |       |       |    15 ||    15

Table legend: (Time is in decaauts)
 A = Elapsed time spent in this place.
 B = Non-inter-level travel time spent in this place.
 C = Inter-level travel time spent in this place.
 D = Time resting spent in this place.
 E = Time spent auto-exploring this place.
 F = Levels seen in this place.
 G = Mean time per level.
                   A        B        C        D        E       F      G
               +--------+--------+--------+--------+--------+-----+--------+
         Total |  13981 |  13661 |    320 |   1661 |  10130 |  12 | 1165.1 |
       Dungeon |  13923 |  13603 |    320 |   1661 |  10088 |  11 | 1265.7 |
        Temple |     57 |     57 |      0 |      0 |     42 |   1 |   57.0 |
               +--------+--------+--------+--------+--------+-----+--------+

Top non-repeatable levels by time:
    D:11: 1785 daAuts
     D:4: 1757 daAuts
     D:1: 1567 daAuts
    D:10: 1544 daAuts
     D:5: 1201 daAuts
     D:6: 1162 daAuts
     D:8: 1098 daAuts
     D:9: 991 daAuts
     D:7: 969 daAuts
     D:2: 968 daAuts
     D:3: 878 daAuts
  Temple: 57 daAuts
